 Dungeon Crawl Stone Soup version 0.18-a0-1745-gffa9a88 (webtiles) character file.

334 Chiseanne the Chopper (level 6, 0/56 HPs)
             Began as a Deep Dwarf Skald on Apr 11, 2016.
             Was an Initiate of Gozag.
             Slain by an ogre
             ... wielding a +0 giant spiked club
              (11 damage)
             ... on level 4 of the Dungeon.
             The game lasted 00:10:36 (3256 turns).

Chiseanne the Chopper (Deep Dwarf Skald)            Turns: 3256, Time: 00:10:37

Health: 0/56       AC:  6    Str: 15    XL:     6   Next: 27%
Magic:  3/9        EV: 12    Int: 13    God:    Gozag
Gold:   518        SH:  0    Dex: 14    Spells: 4 memorised, 1 level left

rFire  . . .     SeeInvis .     a - +0 war axe
rCold  . . .     Gourm    .     m - +0 ring mail
rNeg   . . .     Faith    .     (no shield)
rPois  .         Spirit   .     x - +0 helmet
rElec  .         Dismiss  .     (no cloak)
rCorr  .         Reflect  .     (no gloves)
SustAt .         Harm     .     (no boots)
MR     .....                    (no amulet)
Stlth  +.........               (no ring)
                                (no ring)

@: infused (expiring), singing, gold aura, non-regenerating, not resistant to
hostile enchantments, very unstealthy
A: damage resistance, recharge devices, sense surroundings 1, slow regeneration
3
a: Device Recharging, Potion Petition, Call Merchant, Bribe Branch, Renounce
Religion, Stop Singing


You were on level 4 of the Dungeon.
You worshipped Gozag.
Gozag was noncommittal.
You were not hungry.

You visited 1 branch of the dungeon, and saw 4 of its levels.

You collected 542 gold pieces.
You paid 24 gold pieces to Gozag.

Inventory:

Hand Weapons
 a - a +0 war axe (weapon)
 s - a +0 hand axe
Missiles
 e - 3 tomahawks (quivered)
 r - 17 arrows
 w - 20 sling bullets
Armour
 m - a +0 ring mail (worn)
 x - a +0 helmet (worn)
Wands
 d - a wand of heal wounds (1/9)
 q - a wand of lightning (0/15)
 v - a wand of flame (16/48)
Scrolls
 h - 2 scrolls of identify
 j - 3 scrolls of remove curse
 k - 2 scrolls of magic mapping
 n - 3 scrolls of amnesia
 u - a scroll of enchant armour
Potions
 b - a potion of curing
 g - a potion of invisibility
 l - a potion of ambrosia
 o - a potion of flight
 p - a potion of cure mutation
 t - 2 potions of agility
Books
 c - a book of Battle

   Spells                             Type                      Level
   a - Infusion                       Charms                       1
   b - Shroud of Golubria             Charms/Translocation         2
   c - Song of Slaying                Charms                       2
   d - Spectral Weapon                Hexes/Charms                 3
   e - Regeneration                   Charms/Necromancy            3
Comestibles
 f - a bread ration
 i - 2 meat rations


   Skills:
 * Level 3.2 Fighting
 * Level 3.7 Axes
 * Level 3.5 Armour
 * Level 2.9 Dodging
 + Level 2.2 Spellcasting
 + Level 3.1 Charms


You had one spell level left.
You knew the following spells:

 Your Spells              Type           Power        Failure   Level  Hunger
a - Infusion              Chrm           #...         14%         1    ##.....
b - Song of Slaying       Chrm           #.......     21%         2    ###....
c - Shroud of Golubria    Chrm/Tloc      #.........   38%         2    ###....
d - Spectral Weapon       Hex/Chrm       #.......     78%         3    ####...


Dungeon Overview and Level Annotations

Branches:
Dungeon (4/15)
 Temple: D:4-7

Altars:
Gozag
Kikubaaqudgha
Ru
Sif Muna
Vehumet
Xom
The Shining One


Innate Abilities, Weirdness & Mutations

You are resistant to damage.
You can recharge devices by infusing magical energy.
You passively map a small area around you.
You do not regenerate naturally.


Message History

You barely miss the ogre.
The ogre is almost dead.
The jackal barks!
The ogre hits you with a giant spiked club!!
* * * LOW HITPOINT WARNING * * *
You hit the ogre.
The ogre is almost dead.
The jackal barely misses you. The ogre closely misses you.
You barely miss the ogre.
The ogre is almost dead.
You hit the jackal.
You kill the jackal!
Your magical infusion is running out.
The ogre hits you with a giant spiked club.
* * * LOW HITPOINT WARNING * * *
You barely miss the ogre.
The ogre is almost dead.
The ogre hits you with a giant spiked club!
You die...
Your body crumbles into a pile of gold.

#.....# #.....#
* #.....# ,
###.....####
.###..........#
.....#........#
h*#..........#
* ,
##.(.h.....# ,
, * ##.(O@....#
#..$.....# ,*
#........# *
#........# , *
##........# *
#..#>#..### * ,
#.#<.#..# ,
#.......###.#
##.....## *##


You could see an ogre and a jackal.

Vanquished Creatures
  A hungry ghost (D:3)
  An orc wizard (D:2)
  Robin (D:3)
  6 adders
  4 oozes
  A worm (D:3)
  A giant gecko (D:3)
  An orc (D:3)
  10 bats
  3 bat zombies (D:2)
  4 giant cockroaches (D:2)
  20 goblins
  11 hobgoblins
  8 jackals
  7 kobolds (D:2)
  2 quokkas
  A ball python (D:3)
  5 giant newts
  4 rats
  2 rat zombies (D:2)
  A bush (D:2)
  A plant (D:2)
95 creatures vanquished.

Notes
Turn   | Place    | Note
--------------------------------------------------------------
     0 | D:1      | Chiseanne the Deep Dwarf Skald began the quest for the Orb.
     0 | D:1      | Reached XP level 1. HP: 19/19 MP: 3/3
   244 | D:1      | Reached XP level 2. HP: 17/26 MP: 4/4
   681 | D:2      | Found a sacrificial altar of Ru.
   699 | D:2      | Reached XP level 3. HP: 24/32 MP: 0/5
   862 | D:2      | Learned a level 2 spell: Song of Slaying
   865 | D:2      | Learned a level 2 spell: Shroud of Golubria
   866 | D:2      | Found a shimmering altar of Xom.
   877 | D:2      | Found an opulent altar of Gozag.
   879 | D:2      | Reached XP level 4. HP: 27/39 MP: 3/7
   918 | D:2      | Found a deep blue altar of Sif Muna.
   921 | D:2      | Found a radiant altar of Vehumet.
   934 | D:2      | Became a worshipper of Gozag Ym Sagoz the Greedy
  1028 | D:2      | Found a glowing golden altar of the Shining One.
  1329 | D:2      | Found an ancient bone altar of Kikubaaqudgha.
  2412 | D:3      | Noticed a hungry ghost
  2420 | D:3      | Killed a hungry ghost
  2420 | D:3      | Reached XP level 5. HP: 39/48 MP: 3/8
  2433 | D:3      | Reached XP level 6. HP: 40/55 MP: 0/9
  2474 | D:3      | Found a faded altar to an unknown god.
  2998 | D:3      | Noticed Robin
  3007 | D:3      | Killed Robin
  3063 | D:3      | Learned a level 3 spell: Spectral Weapon
  3256 | D:4      | Slain by an ogre

Vault maps used:
D:1:      nicolae_arrival_memento_mori
D:2:      lemuel_zombie_altar_kikubaaqudgha, grunt_temple_overflow_cloverleaf,
          tso_altar, serial_forest, infiniplex_forest_clump_double,
          infiniplex_forest_lined_1, infiniplex_forest_clump_C,
          infiniplex_forest_clump_large, infiniplex_forest_zigzag_1,
          infiniplex_forest_end_2, nicolae_ru_great_annihilating_truth
D:3:      kennysheep_goblin_castle, ecumenical_altar_1
D:4:      kennysheep_nondescript

Skill      XL: |  1  2  3  4  5  6 |
---------------+-------------------+-----
Fighting       | 2 3 |  3.2
Armour         | 2 3 |  3.5
Dodging        | 2 |  2.9
Spellcasting   | 2 |  2.2
Charms         | 3 |  3.1
Axes           | 3 |  3.7

Action                   |  1- 3 |  4- 6 || total
-------------------------+-------+-------++-------
Melee: Hand axe          |    72 |   352 ||   424
       War axe           |       |    80 ||    80
Throw: Tomahawk          |       |     2 ||     2
 Cast: Infusion          |    10 |    22 ||    32
       Song of Slaying   |       |     5 ||     5
Evoke: Wand              |     2 |     6 ||     8
  Use: Scroll            |     9 |     5 ||    14
 Stab: Paralysed         |     2 |       ||     2
  Eat: Fruit             |       |     4 ||     4
       Bread ration      |       |     2 ||     2
       Royal jelly       |       |     1 ||     1
       Chunk             |       |     1 ||     1
